AoeStats
← GoFeRsReVeNgE

Baltic

510464446Analyzed
4v4 RM · 2d ago on Oct 1, 2026· 74m 41s· 8 players
Game mode
Random Map
Map size
Large (8 player)
Population
200
Speed
Normal
Resources
Standard
Victory
Conquest
Starting age
Dark Age
Ending age
Imperial Age
RankedLock teamsTeams togetherTeam positionsShared explorationLock speedFull tech treeHidden civsTurbo modeCheats
Victory
Defeat
🇺🇸 Persians · United States
1015
+16
🇺🇸 Portuguese · United States
963
+18
🇺🇸 Inca · United States
939
+19
🇺🇸 Spanish · United States
928
+19
🇺🇸 Malay · United States
1052
-20
🇺🇸 Persians · United States
1016
-18
🇲🇽 Varangians · Mexico
985
-17
🇲🇽 Maya · Mexico
978
-17
xX DTI Xx pasa
11:27 Feudal Age
14:15 Double-Bit Axe
14:12 Horse Collar
14:16 Fishing Lines
19:11 Castle Age
19:58 Padded Archer Armor
19:49 Fletching
21:49 Bow Saw
24:22 Leather Archer Armor
24:04 Bodkin Arrow
24:30 Clinker Construction
27:31 Ballistics
26:52 Treadmill Crane
32:18 Imperial Age
29:37 Loom
30:28 Wheelbarrow
32:33 Hand Cart
32:04 Town Watch
33:30 Elite Longship
35:22 Ring Archer Armor
35:47 Bracer
36:55 Chemistry
42:56 Scale Barding Armor
43:02 Forging
44:45 Chain Barding Armor
44:08 Cavalier
44:51 Husbandry
44:59 Squires
44:23 Pikeman
45:04 Squires
45:34 Cavalier
46:17 Husbandry
52:50 Plate Barding Armor
52:51 Iron Casting
53:08 Halberdier
54:12 Scale Mail Armor
55:55 Town Patrol
58:13 Chain Mail Armor
58:59 Blast Furnace
58:19 Capped Ram
59:30 Plate Mail Armor
59:45 Siege Ram
66:11 Two-Man Saw
65:13 Heavy Plow
65:05 Gold Mining
65:06 Stone Mining
65:25 Elite Varangian Guard
73:46 Arson
73:47 Gambesons
73:23 Man-at-Arms
ExiledBLEEZY420
0:27 Loom
9:42 Feudal Age
11:00 Wheelbarrow
15:59 Stone Mining
22:29 Castle Age
20:42 Gold Mining
20:36 Horse Collar
26:32 Double-Bit Axe
27:18 Heavy Plow
30:18 Hand Cart
32:48 Imperial Age
31:24 Forging
31:20 Scale Barding Armor
31:17 Scale Mail Armor
34:04 Gold Shaft Mining
33:02 Elite War Elephant
34:16 Conscription
36:14 Pikeman
38:15 Crop Rotation
38:11 Bow Saw
39:25 Husbandry
39:37 Bloodlines
38:51 Light Cavalry
40:10 Iron Casting
39:56 Chain Barding Armor
40:23 Squires
43:16 Kamandaran
42:47 Halberdier
43:13 Gambesons
43:14 Arson
42:56 Cavalier
43:52 Crossbowman
44:38 Thumb Ring
46:04 Two-Man Saw
47:59 Savar
49:43 Blast Furnace
49:19 Plate Barding Armor
50:40 Chain Mail Armor
50:26 Padded Archer Armor
50:16 Fletching
68:19 Plate Mail Armor
68:05 Leather Archer Armor
67:46 Bodkin Arrow
shabolobodingdong
13:37 Feudal Age
13:25 Double-Bit Axe
14:18 Fishing Lines
21:49 Castle Age
21:37 Bow Saw
22:02 Medium Warships
21:53 Gillnets
30:22 Imperial Age
28:05 Clinker Construction
28:18 Careening
30:31 Heavy Warships
30:42 Carvel Hull
31:51 Siphons
33:55 Chemistry
34:38 Elite Cannon Galleon
37:42 Shipwright
39:28 Wheelbarrow
44:13 Elite Battle Elephant
45:03 Husbandry
46:36 Loom
47:07 Elite Karambit Warrior
48:10 Conscription
47:52 Thalassocracy
50:07 Pikeman
50:48 Squires
50:33 Arson
51:04 Halberdier
55:51 Forging
67:27 Iron Casting
68:29 Onager
69:30 Onager
WENDIGO
0:39 Loom
10:51 Feudal Age
11:25 Double-Bit Axe
11:25 Horse Collar
15:24 Gold Mining
17:19 Wheelbarrow
17:09 Fletching
20:18 Castle Age
18:21 Padded Archer Armor
20:44 Scale Mail Armor
20:43 Stone Mining
21:15 Bodkin Arrow
21:23 Heavy Plow
22:19 Leather Archer Armor
22:46 Stone Shaft Mining
26:48 Chain Mail Armor
26:56 Fervor
26:43 Herbal Medicine
27:02 Forging
27:44 Squires
28:10 Bow Saw
28:58 Ballistics
29:40 Iron Casting
31:16 Hand Cart
31:08 Town Watch
36:05 Imperial Age
33:29 Treadmill Crane
33:38 Arson
35:16 Town Patrol
34:53 Eagle Warrior
37:17 Conscription
38:05 Two-Man Saw
37:38 Crop Rotation
38:42 Chemistry
38:49 Ring Archer Armor
39:57 Thumb Ring
40:50 Bracer
41:40 Plate Mail Armor
41:43 Elite Plumed Archer
43:00 Man-at-Arms
43:03 Pikeman
47:04 Halberdier
48:06 Elite Eagle Warrior
51:05 Holcans
53:41 Blast Furnace
jjSMQKE
2:44 Loom
15:09 Feudal Age
15:53 Town Watch
15:57 Double-Bit Axe
21:42 Horse Collar
26:44 Wheelbarrow
26:03 Gold Mining
30:22 Castle Age
31:06 Forging
30:57 Scale Mail Armor
30:48 Fletching
31:00 Padded Archer Armor
31:46 Stone Mining
33:11 Champi Runner
33:37 Arson
34:36 Town Patrol
34:08 Champi Warrior
34:49 Squires
36:01 Hand Cart
36:02 Bow Saw
37:16 Medium Warships
39:38 Chain Mail Armor
39:59 Iron Casting
41:17 Ballistics
41:15 Heavy Plow
41:56 Gold Shaft Mining
42:06 Stone Shaft Mining
42:41 Fortified Wall
42:42 Masonry
42:29 Murder Holes
48:29 Imperial Age
45:43 Pikeman
47:21 Caravan
50:16 Blast Furnace
49:47 Plate Mail Armor
48:39 Halberdier
49:06 Elite Champi Warrior
49:26 Capped Ram
50:09 Siege Ram
51:50 Crop Rotation
51:19 Bodkin Arrow
51:40 Leather Archer Armor
51:38 Siege Engineers
53:27 Conscription
55:43 Elite Kamayuk
56:25 Fabric Shields
56:39 Bracer
57:55 Andean Sling
58:49 Elite Skirmisher
59:35 Thumb Ring
59:06 Onager
67:12 Ring Archer Armor
70:32 Hoardings
70:34 Coinage
70:15 Guilds
GoFeRsReVeNgE
1:18 Loom
11:42 Feudal Age
14:55 Fishing Lines
15:42 Double-Bit Axe
17:07 Wheelbarrow
23:31 Castle Age
25:28 Medium Warships
26:16 Bow Saw
27:33 Fervor
29:19 Fortified Wall
30:41 Ballistics
32:29 Hand Cart
32:16 Gold Mining
40:16 Imperial Age
40:25 Imperial Age
39:24 Heated Shot
39:33 Fletching
41:23 Arquebus
41:51 Conscription
43:17 Chemistry
42:24 Siege Engineers
42:33 Masonry
42:06 Treadmill Crane
42:52 Clinker Construction
42:55 Careening
43:51 Elite Organ Gun
44:40 Elite Caravel
45:32 Bodkin Arrow
48:02 Heavy Warships
52:54 Elite Cannon Galleon
69:10 Sappers
factacular
12:41 Feudal Age
13:12 Horse Collar
13:21 Double-Bit Axe
13:48 Fishing Lines
20:36 Castle Age
18:23 Loom
21:18 Medium Warships
21:40 Bow Saw
21:28 Gold Mining
24:19 Clinker Construction
24:22 Careening
24:23 Siphons
24:30 Fletching
30:14 Heavy Plow
31:33 Wheelbarrow
34:16 Hand Cart
37:05 Imperial Age
37:20 Bloodlines
37:10 Husbandry
38:04 Crop Rotation
37:07 Cavalier
37:08 Light Cavalry
38:34 Forging
38:31 Scale Barding Armor
39:06 Gold Shaft Mining
38:22 Stone Mining
39:59 Chemistry
39:21 Ballistics
38:58 Savar
39:01 Hussar
40:22 Conscription
40:52 Iron Casting
40:45 Chain Barding Armor
42:19 Blast Furnace
42:06 Masonry
42:57 Caravan
45:21 Elite War Elephant
50:52 Architecture
50:19 Murder Holes
51:07 Plate Barding Armor
50:33 Bodkin Arrow
54:12 Hoardings
61:19 Two-Man Saw
TaNkSrEvEnGe
2:36 Loom
12:15 Feudal Age
13:26 Double-Bit Axe
14:11 Horse Collar
18:59 Castle Age
17:18 Forging
27:18 Wheelbarrow
28:04 Bow Saw
30:34 Imperial Age
28:29 Fletching
28:53 Bloodlines
28:44 Husbandry
28:54 Scale Barding Armor
29:19 Heavy Plow
30:22 Gold Mining
30:37 Cavalier
31:42 Chain Barding Armor
31:21 Bodkin Arrow
37:14 Plate Barding Armor
37:14 Iron Casting
37:02 Paladin
40:39 Blast Furnace
40:46 Bracer
41:35 Conscription
49:06 Caravan
51:27 Light Cavalry
52:01 Hussar
58:46 Chemistry
58:21 Elite Conquistador
62:09 Block Printing
65:39 Padded Archer Armor
66:05 Ballistics
66:47 Leather Archer Armor
69:25 Ring Archer Armor
Connection lost

Rejoining the realm…

Still unreachable

The connection could not be restored.

Session expired

The server has moved on; the page needs a fresh start.